AoeStats
← tonytctang

African Clearing

505401098Analyzed
4v4 RM · 22d ago on Sep 9, 2026· 64m 53s· 8 players
Game mode
Random Map
Map size
Large (8 player)
Population
200
Speed
Normal
Resources
Standard
Victory
Conquest
Starting age
Dark Age
Ending age
Imperial Age
RankedLock teamsTeams togetherTeam positionsShared explorationLock speedFull tech treeHidden civsTurbo modeCheats
Victory
Defeat
🇹🇷 Teutons · Türkiye
1102
+16
🇨🇦 Dravidians · Canada
1086
+16
🇨🇦 Burmese · Canada
995
+20
960
+22
🇨🇳 Wei · China
1132
-20
🇭🇰 Berbers · Hong Kong SAR China
1096
-19
🇭🇰 Saracens · Hong Kong SAR China
1086
-18
🇨🇳 Spanish · China
1046
-17
南暮
10:26 Loom
15:10 Feudal Age
15:59 Double-Bit Axe
20:48 Castle Age
18:45 Horse Collar
20:13 Bloodlines
20:20 Gold Mining
23:27 Heavy Plow
24:24 Bow Saw
27:50 Forging
27:28 Town Watch
28:20 Wheelbarrow
28:09 Scale Barding Armor
29:02 Fletching
29:48 Iron Casting
32:47 Chain Barding Armor
32:23 Bodkin Arrow
32:35 Thumb Ring
32:33 Husbandry
34:27 Tuntian
37:52 Imperial Age
35:18 Stone Mining
37:08 Gold Shaft Mining
37:42 Hand Cart
39:57 Conscription
44:17 Stone Shaft Mining
45:07 Ming Guang Armor
44:05 Light Cavalry
44:16 Elite Skirmisher
44:22 Pikeman
46:06 Parthian Tactics
46:18 Squires
48:41 Ballistics
50:08 Blast Furnace
49:55 Careening
49:29 Halberdier
52:48 Town Patrol
54:35 Crop Rotation
56:18 Chemistry
55:53 Elite Tiger Cavalry
tonytctang
6:12 Loom
12:54 Feudal Age
13:09 Feudal Age
14:36 Horse Collar
16:07 Double-Bit Axe
20:43 Stone Mining
23:19 Castle Age
24:29 Bow Saw
24:26 Gold Mining
24:39 Heavy Plow
26:53 Forging
26:49 Scale Barding Armor
26:47 Husbandry
27:04 Bloodlines
32:46 Wheelbarrow
31:57 Town Watch
33:26 Iron Casting
33:12 Chain Barding Armor
32:15 Light Cavalry
37:53 Imperial Age
35:55 Hand Cart
37:09 Gold Shaft Mining
39:19 Hussar
41:02 Blast Furnace
40:38 Plate Barding Armor
43:24 Chemistry
42:44 Ballistics
42:35 Masonry
42:26 Heavy Camel Rider
44:29 Two-Man Saw
44:08 Fletching
50:07 Padded Archer Armor
50:02 Bodkin Arrow
50:08 Scale Mail Armor
51:19 Thumb Ring
57:29 Crossbowman
57:32 Elite Skirmisher
58:25 Arbalester
59:18 Bracer
59:33 Leather Archer Armor
59:34 Chain Mail Armor
kit7292001
5:12 Loom
14:19 Feudal Age
21:34 Wheelbarrow
21:13 Bloodlines
26:33 Castle Age
25:01 Fletching
30:47 Hand Cart
32:33 Double-Bit Axe
35:23 Husbandry
35:19 Bodkin Arrow
35:30 Scale Barding Armor
37:00 Padded Archer Armor
37:11 Forging
43:10 Imperial Age
43:19 Town Watch
43:15 Elite Camel Archer
44:28 Bracer
44:12 Heavy Camel Rider
46:14 Chemistry
47:52 Light Cavalry
51:13 Elite Camel Archer
53:52 Iron Casting
54:25 Ballistics
56:00 Hussar
61:37 Siege Engineers
61:43 Masonry
vper1490
5:19 Loom
18:06 Feudal Age
22:23 Castle Age
22:27 Padded Archer Armor
22:20 Double-Bit Axe
22:33 Stone Mining
26:34 Horse Collar
29:28 Husbandry
29:40 Bloodlines
31:55 Leather Archer Armor
43:45 Heavy Plow
43:57 Bow Saw
47:14 Imperial Age
45:40 Squires
45:01 Pikeman
45:44 Scale Mail Armor
45:54 Forging
46:37 Wheelbarrow
46:35 Town Watch
47:12 Chain Mail Armor
48:00 Iron Casting
48:19 Conscription
50:46 Plate Mail Armor
51:17 Blast Furnace
53:30 Hoardings
53:25 Hand Cart
53:11 Town Patrol
53:15 Capped Ram
55:33 Murder Holes
56:40 Chemistry
Lumi.S
9:07 Loom
12:06 Feudal Age
12:07 Man-at-Arms
12:34 Double-Bit Axe
20:54 Castle Age
20:17 Horse Collar
22:30 Bow Saw
22:58 Gambesons
22:34 Long Swordsman
24:25 Forging
24:07 Arson
32:28 Gold Mining
33:15 Pikeman
36:05 Wheelbarrow
36:28 Squires
37:12 Thumb Ring
37:17 Elite Skirmisher
38:51 Ballistics
38:24 Fletching
43:51 Imperial Age
42:33 Bodkin Arrow
42:39 Padded Archer Armor
44:00 Heavy Plow
45:01 Stone Mining
44:39 Halberdier
46:49 Conscription
48:21 Bracer
48:37 Leather Archer Armor
52:36 Chemistry
52:15 Wootz Steel
54:57 Hand Cart
56:11 Hand Cart
56:02 Crossbowman
57:24 Ring Archer Armor
57:38 Arbalester
59:45 Chemistry
tboss
3:35 Loom
15:34 Feudal Age
20:12 Castle Age
18:16 Horse Collar
19:40 Town Watch
22:04 Wheelbarrow
21:33 Heavy Plow
29:12 Hand Cart
31:14 Bloodlines
31:05 Husbandry
31:21 Murder Holes
31:47 Ballistics
33:59 Imperial Age
33:07 Manipur Cavalry
33:18 Scale Barding Armor
33:23 Forging
33:34 Town Patrol
34:02 Elite Battle Elephant
35:04 Conscription
34:48 Scale Mail Armor
36:59 Chain Barding Armor
37:14 Iron Casting
36:42 Howdah
36:46 Gold Mining
38:28 Crop Rotation
39:54 Chemistry
39:53 Plate Barding Armor
40:19 Blast Furnace
41:02 Fletching
43:11 Bodkin Arrow
44:57 Bracer
46:17 Pikeman
46:57 Squires
46:42 Arson
46:59 Scale Mail Armor
48:04 Halberdier
49:01 Chain Mail Armor
48:59 Masonry
49:52 Man-at-Arms
50:22 Gambesons
51:20 Plate Mail Armor
51:11 Long Swordsman
53:30 Two-Handed Swordsman
54:40 Champion
57:45 Architecture
59:13 Padded Archer Armor
DR GUS GLITTERGELPEN BILDORDER Ⅷ
5:35 Loom
12:37 Feudal Age
20:23 Double-Bit Axe
25:03 Castle Age
23:51 Wheelbarrow
24:44 Scale Barding Armor
24:49 Forging
27:07 Chain Barding Armor
27:22 Iron Casting
27:23 Bloodlines
29:34 Fishing Lines
33:43 Imperial Age
31:56 Gillnets
33:43 Bow Saw
35:17 Conscription
35:36 Steppe Husbandry
36:48 Two-Man Saw
35:46 Town Watch
36:10 Fletching
38:31 Bodkin Arrow
39:36 Blast Furnace
40:16 Plate Barding Armor
39:42 Padded Archer Armor
41:20 Pikeman
42:03 Scale Mail Armor
43:24 Parthian Tactics
44:20 Hand Cart
43:39 Light Cavalry
46:04 Chain Mail Armor
47:35 Leather Archer Armor
49:08 Hoardings
49:44 Plate Mail Armor
49:56 Halberdier
51:34 Ring Archer Armor
52:47 Town Patrol
52:57 Squires
55:29 Onager
57:20 Cuman Mercenaries
59:09 Arson
61:16 Elite Skirmisher
62:01 Thumb Ring
61:31 Elite Steppe Lancer
Unknown
14:05 Feudal Age
14:50 Double-Bit Axe
19:47 Castle Age
20:14 Stone Mining
20:38 Horse Collar
21:16 Bow Saw
21:12 Horse Collar
28:30 Gold Mining
30:35 Loom
34:14 Scale Barding Armor
34:19 Forging
35:40 Chain Barding Armor
37:26 Iron Casting
38:55 Heavy Plow
39:27 Bloodlines
44:30 Imperial Age
45:25 Stone Shaft Mining
47:13 Wheelbarrow
46:23 Town Watch
47:34 Plate Barding Armor
46:29 Cavalier
47:34 Conscription
48:21 Blast Furnace
48:00 Paladin
Connection lost

Rejoining the realm…

Still unreachable

The connection could not be restored.

Session expired

The server has moved on; the page needs a fresh start.